 Dungeon Crawl Stone Soup version 0.26-a0-26-ge22fd8933b (webtiles) character file.

Game seed: 2445393943809622406, levelgen mode: deterministic

172 Mrkan the Shield-Bearer (level 5, 0/47 HPs)
             Began as a Minotaur Fighter on May 27, 2020.
             Killed from afar by Blork the orc (4 damage)
             ... with a puff of flame
             ... on level 4 of the Dungeon.
             The game lasted 00:04:53 (2781 turns).

Mrkan the Shield-Bearer (Minotaur Fighter)          Turns: 2781, Time: 00:04:54

Health: 0/47       AC: 10    Str: 21    XL:     5   Next: 27%
Magic:  4/4        EV:  8    Int:  6    God:
Gold:   146        SH:  9    Dex:  9    Spells: 4/4 levels left

rFire    . . .     SeeInvis .   a - +0 war axe
rCold    . . .     Gourm    .   c - +0 kite shield
rNeg     . . .     Faith    .   b - +0 scale mail
rPois    .         Spirit   .   x - +2 hat
rElec    .         Reflect  .   (no cloak)
rCorr    .         Harm     .   v - +0 pair of gloves
MR       .....                  (no boots)
Stlth    ..........             (no amulet)
HPRegen  0.15/turn              (no ring)
MPRegen  0.09/turn              (no ring)

@: mighty
A: retaliatory headbutt, horns 2
a: no special abilities


You were on level 4 of the Dungeon.
You were not hungry.

You visited 1 branch of the dungeon, and saw 4 of its levels.

You collected 146 gold pieces.

Inventory:

Hand Weapons
 a - a +0 war axe (weapon)
Missiles
 u - 11 poisoned darts (quivered)
Armour
 b - a +0 scale mail (worn)
 c - a +0 kite shield (worn)
 v - a +0 pair of gloves (worn)
 x - a +2 hat (worn)
Jewellery
 i - an uncursed ring of wizardry {unknown}
 l - an uncursed ring of wizardry {unknown}
Scrolls
 e - 5 scrolls of identify {unknown}
 g - 3 scrolls of teleportation {unknown}
 h - a scroll of remove curse {unknown}
 k - a scroll of enchant weapon {unknown}
 s - 3 scrolls of amnesia {unknown}
 t - a scroll of magic mapping {unknown}
 w - a scroll of random uselessness {unknown}
Potions
 d - 2 potions of might
 j - a potion of brilliance {unknown}
 m - a potion of curing {unknown}
 n - 2 potions of lignification {unknown}
 p - a potion of degeneration {unknown}
 q - 2 potions of heal wounds {unknown}
 r - a potion of cancellation {unknown}
Comestibles
 f - 6 rations


   Skills:
 + Level 4.4 Fighting
 * Level 4.3 Axes
 + Level 4.4 Armour
 + Level 1.9 Dodging
 + Level 4.4 Shields


You had 4 spell levels left.
You didn't know any spells.
Your spell library was empty.

Dungeon Overview and Level Annotations

Branches:
Dungeon (4/15)
 Temple: D:4-7

Altars:
Dithmenos

Shops:
D:4 (

Annotations:
D:4 Blork the orc


Innate Abilities, Weirdness & Mutations

You reflexively headbutt those who attack you in melee.
You have a pair of horns on your head.


Message History

* * * LOW HITPOINT WARNING * * *
You hit Blork the orc. You headbutt Blork the orc.
Blork the orc is moderately wounded.
Blork the orc points at you and mumbles some strange words.
The puff of frost hits you.
* * * LOW HITPOINT WARNING * * *
You slash Blork the orc! Your headbutt misses Blork the orc.
Blork the orc is heavily wounded.
Blork the orc completely misses you.
You slash Blork the orc! You headbutt Blork the orc.
Blork the orc is almost dead.
Blork the orc hits you with a +0 halberd.
* * * LOW HITPOINT WARNING * * *
You feel very mighty all of a sudden. Blork the orc closely misses you.
You closely miss Blork the orc.
Blork the orc is almost dead.
Blork the orc points at you and mumbles some strange words.
The puff of flame hits you.
You die...

#...# ##........
#...# #.........
###...# #.........
......###.(.......
##.8..∩..8........
###.####.........
#.#<...########
#.###################
#............@o......
#####################


You could see Blork the orc.

Vanquished Creatures
  2 orc wizards (D:3)
  3 adders (D:3)
  2 worms
  A dart slug (D:3)
  2 leopard geckos
  3 orcs (D:3)
  A ball python (D:1)
  A giant cockroach (D:1)
  10 goblins
  9 hobgoblins
  2 jackals (D:1)
  6 kobolds
  2 quokkas (D:3)
  6 bats
  3 frilled lizards
  8 rats
61 creatures vanquished.

Vanquished Creatures (others)
  An orc wizard (D:3)
1 creature vanquished.

Grand Total: 62 creatures vanquished

Notes
Turn   | Place    | Note
-------+----------+-------------------------------------------
     0 | D:1      | Mrkan the Minotaur Fighter began the quest for the Orb.
     0 | D:1      | Reached XP level 1. HP: 19/19 MP: 0/0
   130 | D:1      | Reached XP level 2. HP: 27/27 MP: 1/1
   803 | D:1      | Reached XP level 3. HP: 31/33 MP: 2/2
  1166 | D:2      | Reached skill level 1 in Dodging
  1628 | D:2      | Found a shadowy altar of Dithmenos.
  1877 | D:3      | Reached XP level 4. HP: 37/40 MP: 3/3
  1988 | D:3      | Reached XP level 5. HP: 43/47 MP: 4/4
  2750 | D:4      | Found Mitops's Antique Weapon Emporium.
  2769 | D:4      | Noticed Blork the orc
  2781 | D:4      | Killed from afar by Blork the orc

Illustrated notes

Levels and vault maps discovered:
D:1:      onia_arrival_mini_spirals, layout_basic
D:2:      layout_loops_ring, overflow_temple_1_default, first_ration,
          guppyfry_early_lair_pool
D:3:      layout_loops_cross
D:4:      minmay_opposing_rooms, layout_basic, minmay_temple_entry_waves,
          serial_shops, shop_statue, uniq_blork_the_orc

Skill      XL: |  1  2  3  4 |
---------------+-------------+-----
Axes           | 3 4 |  4.3
Dodging        | 1 |  1.9
Fighting       | 4 |  4.4
Armour         | 4 |  4.4
Shields        | 4 |  4.4

Action                   |  1- 3 |  4- 6 || total
-------------------------+-------+-------++-------
Melee: War axe           |   110 |    58 ||   168
       Headbutt          |    15 |    13 ||    28
  Use: Potion            |       |     1 ||     1
  Eat: Chunk             |     3 |     3 ||     6
Armor: Scale mail        |    53 |    32 ||    85
Dodge: Dodged            |    42 |    15 ||    57
Block: Kite shield       |    63 |    31 ||    94

Table legend:
 A = Non-vault XP
 B = Vault XP
 C = Vault XP percentage of total XP
 D = Non-vault monster count
 E = Vault monster count
 F = Vault count percentage of total count
                 A         B        C        D         E       F
            +---------+---------+-------+---------+---------+-------
      Total |     247 |       0 |   0.0 |      62 |       0 |   0.0
            +---------+---------+-------+---------+---------+-------
        D:1 |      47 |       0 |   0.0 |      28 |       0 |   0.0
        D:2 |      22 |       0 |   0.0 |      10 |       0 |   0.0
        D:3 |     177 |       0 |   0.0 |      23 |       0 |   0.0
        D:4 |       1 |       0 |   0.0 |       1 |       0 |   0.0
            +---------+---------+-------+---------+---------+-------
